 Dungeon Crawl Stone Soup version 0.22-a0-292-g0df9d5f (webtiles) character file.

3357 grizmgrazm2 the Destroyer (level 9, -2/68 HPs)
             Began as a Demonspawn Conjurer on Mar 23, 2018.
             Was a Follower of Vehumet.
             Slain by an orc warrior
             ... wielding a +0 dire flail
              (20 damage)
             ... on level 6 of the Dungeon.
             The game lasted 00:32:23 (10012 turns).

grizmgrazm2 the Destroyer (Demonspawn Conjurer)    Turns: 10012, Time: 00:32:24

Health: -2/68      AC:  6    Str: 10    XL:     9   Next: 73%
Magic:  28/29      EV: 15    Int: 19    God:    Vehumet [*.....]
Gold:   472        SH:  0    Dex: 13    Spells: 16/23 levels left

rFire    . . .     SeeInvis .   p - +0 short sword (curse)
rCold    . . .     Gourm    .   (no shield)
rNeg     . . .     Faith    .   a - +0 robe
rPois    .         Spirit   .   l - +1 helmet
rElec    .         Reflect  .   (no cloak)
rCorr    .         Harm     .   k - +0 pair of gloves
MR       .....                  r - +0 pair of boots
Stlth    ++........             o - amulet of magic regeneration
HPRegen  1.21/turn              e - ring of magical power
MPRegen  0.46/turn              (no ring)

@: hasted, very quick
A: hooves 1, demonic guardian 2, powered by death 2
a: Renounce Religion


You were on level 6 of the Dungeon.
You worshipped Vehumet.
Vehumet was aware of your devotion.
You were not hungry.

You visited 2 branches of the dungeon, and saw 9 of its levels.

You collected 472 gold pieces.

Inventory:

Hand Weapons
 d - a +1 mace
 h - a +0 dagger of venom
 p - a cursed +0 short sword (weapon)
Armour
 a - a +0 robe (worn)
 k - a +0 pair of gloves (worn)
 l - a +1 helmet (worn)
 r - a +0 pair of boots (worn)
Jewellery
 e - a ring of magical power (left hand)
 o - an amulet of magic regeneration (around neck)
Wands
 b - a wand of paralysis (5)
Scrolls
 f - 2 scrolls of teleportation
 j - a scroll of magic mapping
 m - a scroll of amnesia
 n - a scroll of fog
Potions
 q - a potion of curing
Comestibles
 c - 8 rations
 i - 6 chunks of flesh


   Skills:
 + Level 5.4 Fighting
 + Level 5.3 Dodging
 - Level 1.7 Stealth
 * Level 7.6 Spellcasting
 * Level 9.0 Conjurations


You had 16 spell levels left.
You knew the following spells:

 Your Spells              Type           Power        Failure   Level  Hunger
a - Magic Dart            Conj           ####         1%          1    None
b - Searing Ray           Conj           #####.       1%          2    None
c - Iskenderun's Mystic   Conj           #####...     2%          4    ###....


Dungeon Overview and Level Annotations

Branches:
Dungeon (8/15)             Temple (1/1) D:5
   Lair: D:8-11

Altars:
Cheibriados
Dithmenos
Elyvilon
Fedhas
Gozag
Kikubaaqudgha
Makhleb
Nemelex Xobeh
Okawaru
Sif Muna
Uskayaw
Vehumet
Wu Jian

Shops:
D:7 }

Annotations:
D:3 exclusion: oklob plant
D:4 Edmund


Innate Abilities, Weirdness & Mutations

You have large cloven feet.
A demonic guardian rushes to your aid.
You regenerate health from kills.


Message History

The searing ray hits the orc warrior.
The orc warrior is moderately wounded.
The searing ray misses the orc warrior.
The searing ray hits the orc.
You kill the orc!
Vehumet accepts your kill.
The orc warrior hits you with a dire flail!
The searing ray hits the orc warrior.
The orc warrior is heavily wounded.
The searing ray hits the orc.
You kill the orc!
Vehumet accepts your kill.
You feel your power returning.
You finish channeling your searing ray.
The orc warrior hits you with a dire flail!!
The orc warrior hits you with a dire flail!
* * * LOW HITPOINT WARNING * * *
You feel yourself speed up.
The orc wizard casts a spell.
The orc wizard blinks!
The orc warrior hits you with a dire flail!!
You die...

#### #### ##..###..##
###.#..#..#.##
#..#..#.)#.._#
#.#..#..#..###
##.##...#...#
####..###########.##.#
#......o@o§...........
#.#####.######.....#.#
#.# #.#### ##.......
###.#####....###(.o....#
##.....#.................
#......#.###.#.##....o...
#........# #...# ......o
#......#.###.### #......
#.....#.....#


You could see an orc warrior and an orc wizard.

Vanquished Creatures
  A hippogriff (D:7)
  Eustachio (D:6)
  2 orc warriors
  A water moccasin (D:7)
  A black bear (D:8)
  A sky beast (D:7)
  An ogre (D:4)
  A phantom (D:6)
  A crocodile (D:8)
  2 big kobolds
  2 wyvern zombies
  3 howler monkeys (D:7)
  7 hounds
  A centaur zombie (D:6)
  2 crimson imps
  2 orc priests
  2 bullfrog skeletons
  A centaur skeleton (D:4)
  4 orc wizards
  2 iguanas (D:8)
  A worker ant (D:8)
  A killer bee zombie (D:5)
  A hound zombie (D:5)
  2 worker ant zombies
  11 adders
  7 gnolls
  A howler monkey skeleton (D:7)
  A shadow imp (D:6)
  2 oozes
  An adder skeleton (D:5)
  3 worms
  3 dart slugs
  2 leopard geckos (D:8)
  15 orcs
  A ball python (D:2)
  4 bats
  4 giant cockroaches
  8 goblins
  6 hobgoblins
  5 jackals (D:4)
  A quokka (D:2)
  4 frilled lizards
  9 kobolds
  8 rats
  2 fungi (D:6)
141 creatures vanquished.

Vanquished Creatures (collateral kills)
  A hydra (D:6)
  A two-headed ogre (D:8)
  Sigmund (D:5)
  An ice beast (D:5)
  4 howler monkeys (D:7)
  An orc priest (D:7)
  An orc wizard (D:6)
  A shadow imp (D:7)
  2 orcs (D:6)
  3 kobolds (D:8)
  A quokka zombie (D:5)
17 creatures vanquished.

Vanquished Creatures (others)
  15 toadstools (D:3)
15 creatures vanquished.

Grand Total: 173 creatures vanquished

Notes
Turn   | Place    | Note
-------+----------+-------------------------------------------
     0 | D:1      | grizmgrazm2 the Demonspawn Conjurer began the quest for the Orb.
     0 | D:1      | Reached XP level 1. HP: 13/13 MP: 3/3
   181 | D:1      | Gained mutation: You regenerate a little health from kills. [demonic ancestry]
   181 | D:1      | Reached XP level 2. HP: 20/20 MP: 1/5
  1005 | D:2      | Gained mutation: You regenerate health from kills. [demonic ancestry]
  1005 | D:2      | Reached XP level 3. HP: 25/25 MP: 0/6
  1095 | D:2      | Reached skill level 1 in Fighting
  1279 | D:2      | Learned a level 2 spell: Searing Ray
  1767 | D:2      | Reached XP level 4. HP: 25/32 MP: 2/8
  2456 | D:3      | Reached XP level 5. HP: 34/38 MP: 1/9
  2555 | D:3      | Reached skill level 5 in Conjurations
  2987 | D:3      | Found a blossoming altar of Fedhas.
  3009 | D:3      | Noticed an oklob plant
  3155 | D:3      | Found a snail-covered altar of Cheibriados.
  3421 | D:4      | Learned a level 4 spell: Iskenderun's Mystic Blast
  3755 | D:4      | Reached XP level 6. HP: 24/44 MP: 6/11
  3994 | D:4      | Found a white marble altar of Elyvilon.
  4227 | D:5      | Entered Level 5 of the Dungeon
  4637 | D:5      | Noticed an ice beast
  4661 | D:5      | Noticed Edmund
  4904 | D:5      | Noticed Sigmund
  4922 | D:4      | Gained mutation: A weak demonic guardian rushes to your aid. [demonic ancestry]
  4922 | D:4      | Reached XP level 7. HP: 16/51 MP: 0/13
  5139 | D:4      | Reached skill level 6 in Conjurations
  5461 | D:5      | Killed Sigmund
  5943 | D:5      | Found a staircase to the Ecumenical Temple.
  5960 | Temple   | Entered the Ecumenical Temple
  5967 | Temple   | Became a worshipper of Vehumet
  6222 | D:5      | Found a hide-covered altar of Uskayaw.
  6428 | D:6      | Noticed a four-headed hydra
  6467 | D:6      | Reached skill level 5 in Spellcasting
  6580 | D:6      | Found a radiant altar of Vehumet.
  6589 | D:6      | HP: 1/52 [four-headed hydra (12)]
  7099 | D:7      | Gained mutation: You have large cloven feet. [demonic ancestry]
  7099 | D:7      | Reached XP level 8. HP: 15/58 MP: 2/15
  7379 | D:7      | Reached skill level 7 in Conjurations
  7774 | D:7      | Found Caediy Ceto's Gadget Shop.
  8080 | D:7      | Noticed a hippogriff
  8214 | D:7      | Killed a hippogriff
  8615 | D:8      | Gained mutation: A demonic guardian rushes to your aid. [demonic ancestry]
  8615 | D:8      | Reached XP level 9. HP: 66/66 MP: 9/18
  8754 | D:8      | Reached skill level 8 in Conjurations
  9059 | D:8      | Noticed a two-headed ogre
  9068 | D:8      | Killed a two-headed ogre
  9072 | D:8      | Reached * piety under Vehumet
  9072 | D:8      | Offered knowledge of Sandblast by Vehumet.
  9087 | D:8      | Reached skill level 5 in Dodging
  9093 | D:8      | Reached skill level 5 in Fighting
  9745 | D:6      | Killed a four-headed hydra
  9810 | D:6      | Noticed Eustachio
  9822 | D:6      | Killed Eustachio
  9830 | D:6      | Reached skill level 9 in Conjurations
  9964 | D:6      | Found a sparkling altar of Nemelex Xobeh.
 10012 | D:6      | Slain by an orc warrior

Vault maps used:
D:1:      dpeg_arrival_rhombus, hangedman_glass_garden
D:2:      kennysheep_generic_room_10
D:3:      cheibrodos_pilgrimage, kennysheep_slug_shrine, first_ration,
          tgw_fedhas
D:4:      cheibrodos_old_hovel, elyvilon_altar_5
D:5:      kennysheep_mini, temple_fountains, uniq_edmund, uniq_sigmund
D:6:      marbit_many_paths, lemuel_zombie_altar_yredelemnul,
          nicolae_qazlal_style_of_elements, basic_altar,
          minmay_gold_behind_fungi, uniq_eustachio
D:7:      serial_shops, shop
Temple:   cyrus_circular_temple

Skill      XL: |  1  2  3  4  5  6  7  8  9 |
---------------+----------------------------+-----
Dodging        | 2 3 4 5 |  5.3
Fighting       | 1 2 3 4 5 |  5.4
Spellcasting   | 3 4 5 6 7 |  7.6
Conjurations   | 5 6 7 9 |  9.0
Stealth        | |  1.7

Action                   |  1- 3 |  4- 6 |  7- 9 || total
-------------------------+-------+-------+-------++-------
Melee: Mace              |     9 |    23 |    29 ||    61
       Short sword       |       |       |    12 ||    12
 Fire: Hunting sling     |       |     3 |       ||     3
 Cast: Magic Dart        |    66 |    81 |   155 ||   302
       Searing Ray       |     4 |    21 |    47 ||    72
       Iskenderun's Myst |       |       |     4 ||     4
Evoke: Wand              |       |       |     2 ||     2
  Use: Scroll            |     6 |     2 |    13 ||    21
       Potion            |       |     2 |     4 ||     6
 Stab: Paralysed         |       |       |     8 ||     8
  Eat: Chunk             |     3 |     5 |     5 ||    13
       Ration            |       |     2 |     3 ||     5
Armor: Robe              |     7 |    29 |    19 ||    55
Dodge: Dodged            |    12 |    89 |    92 ||   193

Table legend:
 A = Spawn XP
 B = Non-spawn XP
 C = Spawn XP percentage of total XP
 D = Spawn monster count
 E = Non-spawn monster count
 F = Spawn count percentage of total count
 G = Total turns spent on level
                    A         B        C        D         E        F      G
               +---------+---------+-------+---------+---------+-------+---------
         Total |       0 |    4796 |   0.0 |       0 |     156 |   0.0 | 10012
               +---------+---------+-------+---------+---------+-------+---------
           D:1 |       0 |      31 |   0.0 |       0 |      15 |   0.0 |   882
           D:2 |       0 |     109 |   0.0 |       0 |      23 |   0.0 |  1385
           D:3 |       0 |     177 |   0.0 |       0 |      19 |   0.0 |  1027
           D:4 |       0 |     381 |   0.0 |       0 |      17 |   0.0 |  1992
           D:5 |       0 |     468 |   0.0 |       0 |      12 |   0.0 |  1343
           D:6 |       0 |     954 |   0.0 |       0 |      17 |   0.0 |   638
           D:7 |       0 |    1303 |   0.0 |       0 |      28 |   0.0 |  1471
           D:8 |       0 |    1373 |   0.0 |       0 |      25 |   0.0 |  1240
               +---------+---------+-------+---------+---------+-------+---------
